 Dungeon Crawl Stone Soup version 0.29-a0-72-g1732ff48e7 (webtiles) character file.

Game seed: 14304502447496110605

331596 mathmaestro the Brawler (level 20, -1/209 HPs)
             Began as a Troll Monk on Feb 2, 2022.
             Was a High Priest of Jiyva.
             Slain by a vault warden (3 damage)
             ... on level 4 of the Vaults on Feb 3, 2022.
             The game lasted 02:13:29 (36244 turns).

mathmaestro the Brawler (Troll Monk)               Turns: 36244, Time: 02:13:30

Health: -1/209     AC: 23    Str: 30    XL:     20   Next: 49%
Magic:  18/19      EV: 15    Int: 12    God:    Jiyva [*****.]
Gold:   2594       SH: 13    Dex: 12    Spells: 19/19 levels left

rFire   + + .      SeeInvis .     - Unarmed
rCold   x . .      Faith    .   b - +3 kite shield
rNeg    . . .      Spirit   .   p - +5 fire dragon scales of Resonance {rElec rPois rF++ rC- Str-4 Int+6}
rPois   +          Reflect  .   (helmet unavailable)
rElec   +          Harm     .   w - +2 cloak {rCorr}
rCorr   +          Rampage  .   (gloves unavailable)
Will    ++...                   (boots unavailable)
Stlth   +.........              W - amulet "Onykef" {Will+ Regen+}
HPRegen 3.48/turn               D - +4 ring of protection
MPRegen 0.61/turn               S - +4 ring of evasion

@: no status effects
A: large, unfitting armour, claws 3, regeneration 1, shaggy fur 1, tough skin 1,
horns 3, talons 1, strong 2, wild magic 1, pseudopods 2, translucent skin 2,
jelly sensing items, engulf, noise suppression
}: 3/15 runes: barnacled, slimy, gossamer
a: Renounce Religion, Oozemancy, Slimify


You were on level 4 of the Vaults.
You worshipped Jiyva.
Jiyva was extremely pleased with you.
You visited 9 branches of the dungeon, and saw 43 of its levels.
You visited the Abyss 1 time.
You also visited: Sewer, Ossuary and Volcano.

You collected 4074 gold pieces.
You spent 1480 gold pieces at shops.

Inventory:

Hand Weapons
 E - the +9 staff of Olgreb {rPois∞}
   (You found it on level 1 of the Spider Nest)

   If the wielder is skilled in Evocations, they can envenom those struck by it,
   dealing poison damage which bypasses armour.
   It enhances your poison magic.
   It grants immunity to poison.
   It can be evoked to radiate toxic energy, with effectiveness depending on
   Evocations skill.
 Q - a +9 scimitar of flaming
Missiles
 e - 33 large rocks (quivered)
 k - 3 silver boomerangs
 o - 20 boomerangs
 N - 10 silver javelins
 R - 7 javelins
 U - 2 throwing nets
 Z - 6 boomerangs of dispersal
Armour
 b - a +3 kite shield (worn)
 p - the +5 fire dragon scales of Resonance (worn) {rElec rPois rF++ rC- Str-4 Int+6}
   (You bought it in a shop on level 2 of the Orcish Mines)

   Str:       It affects your strength (-4).
   Int:       It affects your intelligence (+6).
   rF:        It greatly protects you from fire.
   rC:        It makes you vulnerable to cold.
   rElec:     It insulates you from electricity.
   rPois:     It protects you from poison.
 w - a +2 cloak of preservation (worn)
 K - a +2 robe of cold resistance
 T - a +2 hat of willpower
Jewellery
 D - a +4 ring of protection (left claw)
 F - a ring of positive energy
 H - a ring of see invisible
 S - a +4 ring of evasion (right claw)
 V - the dreamshard necklace {*Dream Drain}
   (You found it on level 1 of the Depths)

   [amulet of nothing]

   It shatters if its wearer takes lethal or near-lethal damage, preventing the
   blow and releasing protective dreams that heal and fight for the wearer.
   Drain:     It drains your maximum health when unequipped.
 W - the amulet "Onykef" (around neck) {Will+ Regen+}
   (You found it on level 1 of the Depths)

   [amulet of regeneration]

   Regen:     It increases your rate of health regeneration.
   Will:      It increases your willpower.
 Y - the ring "Rovizyed" {rPois Will+ Dex+7 Stlth-}
   (You found it on level 1 of the Depths)

   [ring of willpower]

   Dex:       It affects your dexterity (+7).
   rPois:     It protects you from poison.
   Will:      It increases your willpower.
   Stlth:     It makes you less stealthy.
Wands
 j - a wand of digging (12)
 l - a wand of polymorph (16)
 n - a wand of iceblast (8)
 C - a wand of acid (5)
 J - a wand of charming (6)
 X - a wand of mindburst (4)
Scrolls
 a - a scroll of magic mapping
 m - 5 scrolls of enchant armour
 q - a scroll of fear
 t - 9 scrolls of teleportation
 x - 3 scrolls of summoning
 y - 4 scrolls of holy word
 A - 2 scrolls of fog
 L - a scroll of enchant weapon
 M - 12 scrolls of identify
Potions
 c - 4 potions of brilliance
 d - 2 potions of invisibility
 f - 3 potions of mutation
 g - 4 potions of flight
 h - 2 potions of heal wounds
 i - 6 potions of curing
 r - 2 potions of cancellation
 s - a potion of lignification
 u - 5 potions of haste
 v - 9 potions of might
 z - 3 potions of resistance
 B - 3 potions of berserk rage
 G - 4 potions of ambrosia
Miscellaneous
 I - a lightning rod (4/4)
 O - a phantom mirror (inert)
 P - a tin of tremorstones (2/2)


   Skills:
 + Level 14.9 Fighting
 - Level 15.0 Throwing
 + Level 13.8 Armour
 - Level 10.0 Dodging
 - Level 1.0 Stealth
 - Level 9.0 Shields
 + Level 19.5 Unarmed Combat
 - Level 10.0 Evocations


You had 19 spell levels left.
You didn't know any spells.
Your spell library contained the following spells:

 Spells                   Type           Power      Damage    Failure   Level
 Beastly Appendage        Tmut           0%         N/A       83%         1
 Foxfire                  Conj/Fire      0%         2x1d4     83%         1
 Magic Dart               Conj           0%         1d3       83%         1
 Sting                    Tmut/Pois      0%         1d3       83%         1
 Call Imp                 Summ           0%         N/A       92%         2
 Ensorcelled Hibernation  Hex/Ice        0%         N/A       92%         2
 Passwall                 Tmut/Erth      0%         N/A       92%         2
 Poisonous Vapours        Pois/Air       0%         N/A       92%         2
 Wereblood                Tmut           0%         N/A       92%         2
 Conjure Flame            Conj/Fire      0%         6-21      99%         3
 Dazzling Flash           Conj/Hex       0%         N/A       99%         3
 Inner Flame              Hex/Fire       0%         N/A       99%         3
 Mephitic Cloud           Conj/Pois/Air  0%         N/A       99%         3
 Spider Form              Tmut/Pois      0%         N/A       99%         3
 Stone Arrow              Conj/Erth      0%         3d7       99%         3
 Summon Guardian Golem    Hex/Summ       0%         N/A       99%         3
 Swiftness                Air            0%         N/A       99%         3
 Animate Armour           Summ/Erth      0%         N/A       100%        4
 Animate Dead             Necr           0%         N/A       100%        4
 Flame Wave               Conj/Fire      0%         2d4       100%        4
 Fulminant Prism          Conj/Hex       0%         3d6       100%        4
 Olgreb's Toxic Radiance  Pois           0%         N/A       100%        4
 Sticky Flame             Conj/Fire      0%         2d3       100%        4
 Blade Hands              Tmut           0%         N/A       100%        5
 Borgnjor's Vile Clutch   Necr/Erth      0%         N/A       100%        5
 Freezing Cloud           Conj/Ice/Air   0%         6-21      100%        5
 Death Channel            Necr           0%         N/A       100%        6
 Iron Shot                Conj/Erth      0%         9d1       100%        6
 Simulacrum               Ice/Necr       0%         N/A       100%        6
 Orb of Destruction       Conj           0%         9d5       100%        7
 Spellforged Servitor     Conj/Summ      0%         N/A       100%        7
 Lehudib's Crystal Spear  Conj/Erth      0%         10d2      100%        8
 Polar Vortex             Ice            0%         N/A       100%        9


Dungeon Overview and Level Annotations

Branches:
Dungeon (15/15)            Temple (1/1) D:6            Lair (6/6) D:10
 Shoals (4/4) Lair:3       Spider (4/4) Lair:4        Slime (5/5) Lair:5
    Orc (2/2) D:10            Elf (0/3) Orc:2        Vaults (4/5) D:13
  Crypt (0/3) Vaults:3     Depths (2/4) D:15          Sewer (visited)
Ossuary (visited)         Volcano (visited)

Altars:
Ashenzari
Cheibriados
Dithmenos
Elyvilon
Fedhas
Gozag
Hepliaklqana
Kikubaaqudgha
Makhleb
Nemelex Xobeh
Okawaru
Qazlal
Ru
Sif Muna
Trog
Uskayaw
Vehumet
Wu Jian
Xom
Yredelemnul
Zin
The Shining One
Beogh
Jiyva

Shops:
D:12 *   Orc:2 (:[[   Shoals:1 (   Depths:1 (!(

Portals:
Hell: Depths:1

Annotations:
D:15 exclusion: 2 ice statues
Slime:5 Royal Jelly
Vaults:1 2 transporters
Vaults:4 Bai Suzhen
Depths:1 exclusion: orange crystal statue


Innate Abilities, Weirdness & Mutations

You are too large for most types of armour.
You have claws for hands.
Your natural rate of healing is unusually fast.
You are covered in fur. (AC +1)
You have tough skin. (AC +1)
You have a pair of large horns on your head.
You have sharp toenails.
Your muscles are very strong. (Str +4)
Your spells are a little harder to cast, but a little more powerful.
Armour fits poorly on your large pseudopods.
Your translucent skin reduces your foes' accuracy. (Stealth+)
You have a small jelly attached to you that senses nearby items.
Your melee attacks may engulf your foes in ooze.
You passively dampen the noise of your surroundings.


Message History

You mangle the peacekeeper!!
You claw the peacekeeper, but do no damage.
You headbutt the peacekeeper, but do no damage.
You bludgeon the peacekeeper, but do no damage.
The peacekeeper is almost destroyed.
You block the peacekeeper's attack. The peacekeeper misses you.
The peacekeeper bites you! You block the peacekeeper's attack.
You eviscerate the yaktaur captain!!!
You kill the yaktaur captain!
You hear a distant slurping noise.
The peacekeeper closely misses you.
The peacekeeper claws you but does no damage.
Unknown command.
You eviscerate the green very ugly thing!!!
You engulf the green very ugly thing in ooze!
Your headbutt misses the green very ugly thing.
The green very ugly thing is almost dead.
The green very ugly thing is asphyxiated!
Unknown command.
You scratch the green very ugly thing.
Your kick misses the green very ugly thing.
The green very ugly thing is almost dead.
The green very ugly thing is asphyxiated!
You kill the green very ugly thing!
The vault guard hits you with a +0 war axe!
* * * LOW HITPOINT WARNING * * *
You eviscerate the vault guard!!!
You kill the vault guard!
The purple very ugly thing claws you!!
* * * LOW HITPOINT WARNING * * *
Unknown command.
You scratch the peacekeeper but do no damage.
Your kick misses the peacekeeper.
The peacekeeper is almost destroyed.
You feel a bit more experienced. The peacekeeper bites you!!
* * * LOW HITPOINT WARNING * * *
You block the peacekeeper's attack.
The vault warden hits you from afar with a +1 vorpal halberd!
* * * LOW HITPOINT WARNING * * *
You die...

#...# #.......# #...# #.......#
#...# #.......# #...#
#.......######## ##...#
#.......+......# #..u.#
#.......#......# #..op#
#.......#......#
#....###########+##......#
#.oc.#....u)).uu@##......# ####
#.cc.#.....cc.p9.##.....^#.....
#).cuc)....).)...##..<...#......
#..uu#...).......##.....J#..$..d
#...u#...).......##......#......
.)...#...).......#########..>...
....u#...........# ......
..)..##########+## ##### .....#
..#


You could see 2 very ugly things, a vault warden (poisoned), a purple ugly thing
(poisoned), a peacekeeper (strong) and 2 yaktaurs.

Vanquished Creatures
  2 golden dragons (Depths:2)
  Nikola (Spider:4)
  A bone dragon (Abyss:2)
  A quicksilver dragon (Depths:2)
  A kraken (Shoals:2)
  3 sphinxes
  Agnes (D:14)
  A storm dragon (Depths:1)
  Donald (Spider:3)
  A tengu reaver (Depths:2)
  14 vault wardens
  3 frost giants (Depths:2)
  An iron dragon (Depths:2)
  4 emperor scorpions
  6 ghost moths
  3 orc warlords
  A curse skull (Vaults:3)
  Louise (Spider:2)
  A juggernaut skeleton (Depths:1)
  17 ironbound preservers
  2 war gargoyles (Vaults:4)
  A caustic shrike skeleton (Depths:1)
  A spriggan defender (Depths:2)
  2 ironbound thunderhulks
  12 very ugly things
  5 stone giants
  A vampire knight (Depths:1)
  3 broodmothers
  9 dire elephants
  4 entropy weavers
  4 spark wasps
  2 crystal guardians
  A deep elf death mage (Vaults:4)
  A blizzard demon (Abyss:2)
  6 merfolk impalers
  2 ettins
  12 yaktaur captains
  3 fire dragons
  A quicksilver dragon zombie (Vaults:1)
  4 merfolk javelineers
  An ice dragon (Depths:1)
  20 vault guards
  2 peacekeepers
  2 jorogumos
  2 hydras
  4 spriggan air magi
  3 catoblepae
  2 merfolk avatars
  3 rakshasas (Depths:1)
  15 centaur warriors
  9 ironbound frosthearts
  2 ogre magi
  A spriggan skeleton (Depths:1)
  2 boulder beetles
  2 merfolk aquamancers
  A radroach (Spider:2)
  2 deep troll shamans (Depths:1)
  Erica (D:10)
  7 two-headed ogres
  7 satyrs
  A death scarab (Spider:3)
  3 deep troll earth magi (Depths:1)
  2 alligator snapping turtles
  Urug (D:12)
  A vampire mage (Depths:2)
  2 titan zombies (Depths:1)
  A spriggan berserker (Depths:2)
  A tengu warrior (Depths:2)
  8 hell knights
  A sun demon (Volcano)
  Sonja (D:12)
  Nergalle (Lair:4)
  A wretched star (Abyss:2)
  3 iron trolls
  10 sea snakes
  50 deep trolls
  A flayed ghost (Depths:2)
  A sun moth (Spider:3)
  8 pharaoh ants
  6 steelbarb worms
  9 wizards
  8 orb spiders
  Pikel (D:9)
  15 harpies
  5 lindwurms
  2 orc knights
  2 phantasmal warriors (Vaults:3)
  A shadow dragon zombie (Depths:1)
  31 ugly things
  7 ironbound convokers
  A mana viper (shapeshifter) (Vaults:2)
  4 necromancers
  A deep elf pyromancer (D:15)
  12 manticores
  29 fauns
  6 cyclopes
  5 orc sorcerers
  23 wolf spiders
  A worldbinder (Abyss:2)
  A guardian serpent (shapeshifter) (D:13)
  2 black mambas
  2 moths of wrath (Spider:4)
  A stone giant skeleton (Vaults:1)
  6 merfolk sirens
  A smoke demon (Abyss:2)
  13 vault sentinels
  4 elephants (Lair:6)
  5 water nymphs
  An apocalypse crab (Abyss:2)
  4 large abominations (Abyss:2)
  2 torpor snails (Spider:3)
  Maggie (Lair:2)
  A gargoyle (Volcano)
  9 cane toads
  5 demonic crawlers
  A molten gargoyle (Volcano)
  3 unseen horrors
  A yaktaur zombie (Vaults:1)
  2 rime drakes
  2 kobold demonologists
  47 yaktaurs
  An efreet (D:14)
  8 komodo dragons
  3 tengu conjurers
  A freezing wraith (Abyss:2)
  An ancient zyme (Abyss:2)
  5 harpy zombies (Shoals:2)
  8 meliai
  22 merfolk
  3 trolls
  A polar bear (Lair:5)
  5 raiju (Abyss:2)
  2 wind drakes (Shoals:1)
  2 blink frogs (Lair:6)
  2 dream sheep (Shoals:2)
  2 hornets
  7 snapping turtles
  32 tarantellas
  A meliai zombie (D:11)
  22 culicivoras
  27 jumping spiders
  A shadow (D:11)
  Sigmund (D:2)
  A vampire (D:14)
  An ettin skeleton (Abyss:2)
  8 water elementals
  A jumping spider (shapeshifter) (D:15)
  A culicivora (shapeshifter) (D:13)
  A wyvern (Lair:5)
  2 fire bats (Volcano)
  60 yaks
  A wraith (Vaults:3)
  Grum (D:9)
  2 steam dragons
  6 basilisks
  52 redbacks
  21 vampire mosquitoes
  Menkaure (D:5)
  Edmund (D:5)
  3 wargs
  5 hell hounds
  2 acid dragons
  3 human skeletons
  17 water moccasins
  Duvessa (D:7)
  2 ice beasts
  2 sky beasts
  39 orc warriors
  18 wolves
  3 black bears
  2 necrophages
  14 ogres
  5 boggarts
  2 phantoms
  A centaur (D:7)
  3 lemures (D:9)
  3 kobold brigands
  13 bullfrogs
  3 scorpions
  A water moccasin zombie (D:5)
  A water moccasin skeleton (D:5)
  Dowan (D:7)
  11 wights
  2 electric eels
  2 small abominations (Abyss:2)
  2 howler monkeys
  5 centaur zombies
  4 hounds
  A human zombie (Ossuary)
  6 lava snakes (Volcano)
  18 orc priests
  A gnoll shaman (D:6)
  A jelly (D:5)
  A bullfrog skeleton (D:7)
  2 centaur skeletons
  Jessica (D:2)
  4 iguanas
  25 orc wizards
  4 hell rats (Lair:5)
  4 mummies
  2 howler monkey zombies
  6 gnolls
  A howler monkey skeleton (D:6)
  11 adders
  3 river rats
  A shadow imp (D:5)
  4 white imps
  An ufetubus (D:5)
  3 worms (Sewer)
  A dart slug (D:4)
  95 orcs
  9 endoplasms
  3 giant cockroaches
  2 gnoll zombies (Ossuary)
  8 goblins
  9 hobgoblins
  5 jackals
  5 quokkas
  5 ball pythons
  4 bats
  6 frilled lizards
  A jackal skeleton (D:4)
  14 kobolds
  A kobold zombie (Ossuary)
  5 orc zombies
  13 rats
  4 tentacles (Shoals:2)
1385 creatures vanquished.

Vanquished Creatures (collateral kills)
  An ettin (D:15)
  A tengu warrior (D:15)
2 creatures vanquished.

Vanquished Creatures (others)
  An acid blob (Vaults:3)
  An ironbound thunderhulk (Vaults:1)
  8 great orbs of eyes
  A yaktaur captain (Vaults:1)
  An ironbound frostheart (Vaults:3)
  A jorogumo (Spider:4)
  3 glowing orange brains
  A deep troll (Vaults:3)
  An orb spider (Spider:4)
  2 ironbound convokers
  2 wizards
  A deep elf pyromancer (D:13)
  2 wolf spiders
  2 cyclopes
  An ugly thing (Vaults:1)
  3 fauns
  A merfolk siren (Shoals:2)
  3 vault sentinels (Vaults:2)
  26 slime creatures
  11 yaktaurs
  A meliai (Spider:1)
  2 dream sheep (Shoals:2)
  A raiju (Abyss:2)
  A culicivora (Spider:4)
  2 jumping spiders (Spider:4)
  A yak (Lair:6)
  2 redbacks (Spider:4)
  7 orc warriors
  A boggart (Depths:1)
  5 centaurs
  192 jellies
  A quasit (Abyss:2)
  8 orc priests
  7 orc wizards
  17 orcs
  3 training dummies (Shoals:1)
  A bush (Lair:1)
  21 fungi
  318 plants
  4 starspawn tentacles (Abyss:2)
  6 tentacles (Shoals:2)
673 creatures vanquished.

Grand Total: 2060 creatures vanquished

Notes
Turn   | Place    | Note
-------+----------+-------------------------------------------
     0 | D:1      | mathmaestro the Troll Monk began the quest for the Orb.
     0 | D:1      | Reached XP level 1. HP: 22/22 MP: 0/0
    24 | D:1      | Found a faded altar of an unknown god.
    63 | D:1      | You fall into a shaft and drop 1 floor!
   307 | D:1      | Reached XP level 2. HP: 29/29 MP: 1/1
   827 | D:1      | Reached XP level 3. HP: 36/36 MP: 2/2
  1166 | D:2      | Noticed Sigmund
  1172 | D:2      | Killed Sigmund
  1173 | D:2      | Reached skill level 1 in Shields
  1173 | D:2      | Reached skill level 4 in Unarmed Combat
  1173 | D:2      | Reached XP level 4. HP: 39/45 MP: 3/3
  1173 | D:2      | Reached XP level 5. HP: 46/53 MP: 4/4
  1391 | D:2      | Noticed Jessica
  1399 | D:2      | Killed Jessica
  2152 | D:3      | Reached XP level 6. HP: 44/61 MP: 5/5
  2460 | D:3      | Noticed a steam dragon
  2475 | D:3      | Killed a steam dragon
  2732 | D:4      | Noticed an ice beast
  2748 | D:4      | Killed an ice beast
  2749 | D:4      | Reached XP level 7. HP: 35/68 MP: 6/6
  2773 | D:4      | Found a sand-covered staircase.
  2781 | Ossuary  | Entered an ossuary
  2880 | Ossuary  | Reached skill level 1 in Throwing
  2990 | D:4      | Reached skill level 1 in Evocations
  3031 | D:4      | Found a glowing drain.
  3040 | Sewer    | Entered a sewer
  3055 | Sewer    | Reached skill level 5 in Unarmed Combat
  3288 | Sewer    | Gained mutation: You possess an exceptional clarity of
                  | mind. [potion of mutation]
  3288 | Sewer    | Gained mutation: Your muscles are strong. (Str +2) [potion
                  | of mutation]
  3565 | D:4      | Reached XP level 8. HP: 69/78 MP: 7/7
  4235 | D:5      | Entered Level 5 of the Dungeon
  4558 | D:5      | Noticed Menkaure
  4562 | D:5      | Killed Menkaure
  4624 | D:5      | Noticed Edmund
  4629 | D:5      | Killed Edmund
  4670 | D:5      | Reached skill level 5 in Fighting
  4670 | D:5      | Reached skill level 6 in Unarmed Combat
  4670 | D:5      | Reached XP level 9. HP: 85/88 MP: 8/8
  4769 | D:6      | Found a blossoming altar of Fedhas.
  4804 | D:6      | Reached skill level 5 in Dodging
  4877 | D:6      | Found a staircase to the Ecumenical Temple.
  4899 | Temple   | Entered the Ecumenical Temple
  5476 | D:6      | Identified a scroll of acquirement
  5476 | D:6      | Acquired a manual of Unarmed Combat
  5839 | D:7      | Got Amafimm's Grimoire of Conjuration
  6371 | D:7      | Noticed Duvessa
  6373 | D:7      | Noticed Dowan
  6377 | D:7      | Killed Duvessa
  6378 | D:7      | Reached skill level 7 in Unarmed Combat
  6381 | D:7      | Killed Dowan
  6723 | D:8      | Reached skill level 5 in Shields
  6863 | D:8      | Noticed a centaur warrior
  6873 | D:8      | Killed a centaur warrior
  6874 | D:8      | Reached XP level 10. HP: 83/98 MP: 9/9
  7225 | D:8      | Reached skill level 8 in Unarmed Combat
  7521 | D:9      | Reached skill level 1 in Armour
  7714 | D:9      | Reached skill level 5 in Throwing
  7816 | D:9      | Paralysed by a hornet for 3 turns
  7817 | D:9      | Noticed a two-headed ogre
  7829 | D:9      | Killed a two-headed ogre
  7876 | D:9      | Noticed Grum
  7889 | D:9      | Killed Grum
  7904 | D:9      | Reached XP level 11. HP: 98/106 MP: 10/10
  7993 | D:9      | Noticed Pikel
  8013 | D:9      | Killed Pikel
  8014 | D:9      | Reached skill level 9 in Unarmed Combat
  8403 | D:10     | Entered Level 10 of the Dungeon
  8446 | D:10     | Found a staircase to the Lair.
  8490 | D:10     | Noticed a sixfirhy
  8538 | D:10     | Found a bloodstained altar of Trog.
  8540 | D:10     | Noticed a wizard
  8547 | D:10     | Killed a wizard
  9121 | D:10     | Found a staircase to the Orcish Mines.
  9272 | Orc:1    | Entered Level 1 of the Orcish Mines
  9274 | Orc:1    | Noticed Erica
  9307 | D:10     | Killed Erica
  9361 | Lair:1   | Entered Level 1 of the Lair of Beasts
  9409 | D:10     | Reached skill level 5 in Evocations
  9587 | D:10     | Reached skill level 10 in Unarmed Combat
  9996 | Lair:1   | Reached XP level 12. HP: 115/118 MP: 11/11
 10133 | Lair:1   | Noticed a boulder beetle
 10134 | Lair:1   | Found an ornate altar of the Wu Jian Council.
 10134 | Lair:1   | Found a hide-covered altar of Uskayaw.
 10153 | Lair:1   | Killed a boulder beetle
 10479 | Lair:2   | Noticed Maggie
 10491 | Lair:2   | Killed Maggie
 11007 | Lair:2   | Identified the +1 falchion "Ysude" {protect, Will- Dex+4
                  | Stlth+}
 11199 | Lair:2   | Identified the +2 pair of boots "Uhimoc" {rC+ Dex+5}
 11790 | Lair:3   | Reached skill level 11 in Unarmed Combat
 12304 | Lair:3   | Found a staircase to the Shoals.
 12562 | Lair:3   | Noticed a catoblepas
 12570 | Lair:3   | Killed a catoblepas
 12809 | Lair:4   | Noticed an eight-headed hydra
 12817 | Lair:4   | Killed a seven-headed hydra
 13015 | Lair:4   | Noticed Nergalle
 13023 | Lair:4   | Killed Nergalle
 13201 | Lair:4   | Found a hole to the Spider Nest.
 13590 | Lair:5   | Found a viscous altar of Jiyva.
 13590 | Lair:5   | Found a staircase to the Slime Pits.
 13628 | Lair:5   | Reached XP level 13. HP: 114/127 MP: 12/12
 13629 | Lair:5   | Became a worshipper of Jiyva Jazxussi the Shapeless
 13629 | Lair:5   | Reached * piety under Jiyva
 13629 | Lair:5   | Reached ** piety under Jiyva
 14013 | Lair:5   | Reached skill level 5 in Armour
 14181 | Lair:5   | Reached *** piety under Jiyva
 14199 | Slime:1  | Entered Level 1 of the Pits of Slime
 14212 | Slime:1  | Noticed a rockslime
 14235 | Slime:1  | Noticed a quicksilver ooze
 14244 | Slime:1  | Noticed a rockslime
 14252 | Slime:1  | Noticed an acid blob
 14312 | Slime:1  | Noticed a quicksilver ooze
 14354 | Lair:6   | Entered Level 6 of the Lair of Beasts
 14529 | Lair:6   | Reached skill level 12 in Unarmed Combat
 14618 | Lair:6   | Found a dark tunnel.
 14625 | Volcano  | Entered a volcano
 14763 | Volcano  | Lost mutation: You possess an exceptional clarity of mind.
                  | [Jiyva's grace]
 14763 | Volcano  | Gained mutation: Your muscles are very strong. (Str +4)
                  | [Jiyva's grace]
 14763 | Volcano  | Gained mutation: Your rubbery body absorbs attacks. (AC +1,
                  | EV +1) [Jiyva's grace]
 14763 | Volcano  | Gained mutation: Your pliable body absorbs attacks. (AC +2,
                  | EV +2) [Jiyva's grace]
 14763 | Volcano  | Gained mutation: Your gelatinous body deflects attacks. (AC
                  | +3, EV +3) [Jiyva's grace]
 14931 | Volcano  | Found a radiant altar of Vehumet.
 15483 | Orc:2    | Entered Level 2 of the Orcish Mines
 15483 | Orc:2    | Found a staircase to the Elven Halls.
 16108 | Orc:2    | Reached **** piety under Jiyva
 16207 | Orc:2    | Paralysed by an orc sorcerer for 7 turns
 16214 | Orc:2    | HP: 5/128 [orc sorcerer[an orc warlord] (4)]
 16281 | Orc:2    | Found Ogisub's Book Shoppe.
 16323 | Orc:2    | Noticed an orc warlord
 16358 | Orc:2    | Killed an orc warlord
 16359 | Orc:2    | Reached skill level 13 in Unarmed Combat
 16405 | Orc:2    | Found Wuumem's Antique Armour Shop.
 16411 | Orc:2    | Found Hoboaqoq's Antique Weapon Boutique.
 16420 | Orc:2    | Bought bloodstained fire dragon scales for 1365 gold pieces
 16420 | Orc:2    | Identified the +5 fire dragon scales of Resonance {rElec
                  | rPois rF++ rC- Str-4 Int+6} (You bought it in a shop on
                  | level 2 of the Orcish Mines)
 16652 | Orc:2    | Found Yrudo's Armour Boutique.
 16909 | D:11     | Reached XP level 14. HP: 137/137 MP: 13/13
 17194 | D:11     | Lost mutation: Your muscles are very strong. (Str +4)
                  | [Jiyva's grace]
 17194 | D:11     | Lost mutation: Your gelatinous body deflects attacks. (AC
                  | +3, EV +3) [Jiyva's grace]
 17194 | D:11     | Gained mutation: Your translucent skin slightly reduces
                  | your foes' accuracy. (Stealth+) [Jiyva's grace]
 17194 | D:11     | Gained mutation: Your translucent skin reduces your foes'
                  | accuracy. (Stealth+) [Jiyva's grace]
 17194 | D:11     | Gained mutation: Your transparent skin significantly
                  | reduces your foes' accuracy. (Stealth+) [Jiyva's grace]
 17194 | D:11     | Gained mutation: You possess an exceptional clarity of
                  | mind. [Jiyva's grace]
 17443 | D:12     | Noticed Sonja
 17489 | D:12     | Killed Sonja
 17541 | D:12     | Reached ***** piety under Jiyva
 17570 | D:12     | Found Zin's Purification Station.
 17570 | D:12     | Found a glowing silver altar of Zin.
 17613 | D:12     | Noticed Urug
 17632 | D:12     | Killed Urug
 18235 | D:13     | Found a gate to the Vaults.
 18762 | Slime:3  | Noticed an azure jelly
 18769 | Slime:4  | Noticed a rockslime
 18769 | Slime:4  | Found a viscous altar of Jiyva.
 18775 | Slime:5  | Entered Level 5 of the Pits of Slime
 18776 | Slime:5  | Noticed a quicksilver ooze
 18780 | Slime:5  | Noticed an acid blob
 18780 | Slime:5  | Noticed an acid blob
 18787 | Slime:5  | Noticed the Royal Jelly
 18789 | Slime:5  | Noticed a quicksilver ooze
 18790 | Slime:5  | Noticed an acid blob
 18790 | Slime:5  | Found a viscous altar of Jiyva.
 18790 | Slime:5  | Noticed an acid blob
 18845 | Slime:2  | Noticed a rockslime
 19210 | D:14     | Lost mutation: Your muscles are strong. (Str +2) [Jiyva's
                  | grace]
 19210 | D:14     | Gained mutation: You have a somewhat thin skeletal
                  | structure. (Dex +2, Stealth+) [Jiyva's grace]
 19210 | D:14     | Gained mutation: You have a moderately thin skeletal
                  | structure. (Dex +4, Stealth++) [Jiyva's grace]
 19210 | D:14     | Gained mutation: You have an unnaturally thin skeletal
                  | structure. (Dex +6, Stealth+++) [Jiyva's grace]
 19210 | D:14     | Gained mutation: You have acidic saliva. [Jiyva's grace]
 19473 | D:14     | Noticed Agnes
 19496 | D:14     | Killed Agnes
 19497 | D:14     | Reached skill level 14 in Unarmed Combat
 19878 | D:15     | Entered Level 15 of the Dungeon
 20043 | D:15     | Cast into level 2 of the Abyss (a wizard)
 20087 | Abyss:2  | Noticed a bone dragon
 20123 | Abyss:2  | Killed a bone dragon
 20171 | Abyss:2  | Noticed a tentacled starspawn
 20212 | Abyss:2  | Noticed a brown very ugly thing
 20215 | Abyss:2  | Noticed a brown very ugly thing
 20236 | Abyss:2  | Killed a brown very ugly thing
 20243 | Abyss:2  | Killed a red very ugly thing
 20596 | Abyss:2  | Noticed a tentacled starspawn
 20626 | D:15     | Escaped the Abyss
 20680 | D:15     | Reached ****** piety under Jiyva
 20757 | D:15     | Found a staircase to the Depths.
 21388 | Slime:3  | Noticed a quicksilver ooze
 21394 | Slime:4  | Noticed an acid blob
 21398 | Slime:4  | Noticed an acid blob
 21438 | Slime:5  | Got a slimy rune of Zot
 21439 | Slime:5  | Identified the +4 rapier of Golden Valiance {freeze, *Noise
                  | Fragile Str+8 SInv}
 21466 | Slime:5  | Noticed a rockslime
 21474 | Slime:5  | Noticed an azure jelly
 21476 | Slime:5  | Noticed an acid blob
 21479 | Slime:5  | Noticed an acid blob
 21480 | Slime:5  | Noticed an acid blob
 21482 | Slime:5  | Noticed a quicksilver ooze
 21487 | Slime:5  | Noticed an acid blob
 21564 | Slime:5  | Noticed an acid blob
 21644 | Slime:5  | Noticed a rockslime
 21688 | Slime:2  | Noticed an acid blob
 21756 | Spider:1 | Entered Level 1 of the Spider Nest
 21936 | Spider:1 | Reached XP level 15. HP: 148/148 MP: 14/14
 22163 | Spider:1 | Found the +9 staff of Olgreb {rPois∞}
 22779 | Spider:1 | Lost mutation: Your pliable body absorbs attacks. (AC +2,
                  | EV +2) [Jiyva's grace]
 22779 | Spider:1 | Gained mutation: You are robust. (+10% HP) [Jiyva's grace]
 22779 | Spider:1 | Gained mutation: You are very robust. (+20% HP) [Jiyva's
                  | grace]
 22779 | Spider:1 | Gained mutation: You are extremely robust. (+30% HP)
                  | [Jiyva's grace]
 22779 | Spider:1 | Gained mutation: Your melee attacks may engulf your foes in
                  | ooze. [Jiyva's grace]
 23166 | Spider:2 | Noticed an emperor scorpion
 23166 | Spider:2 | Noticed an emperor scorpion
 23372 | Spider:2 | Noticed Louise
 23384 | Spider:2 | Killed Louise
 23385 | Spider:2 | Reached skill level 10 in Dodging
 23437 | Spider:2 | Noticed an emperor scorpion
 23459 | Spider:2 | Killed an emperor scorpion
 23460 | Spider:2 | Reached skill level 10 in Fighting
 23460 | Spider:2 | Reached skill level 10 in Throwing
 23888 | Spider:2 | Killed an emperor scorpion
 23998 | Spider:2 | Killed an emperor scorpion
 24306 | Spider:3 | Reached skill level 15 in Unarmed Combat
 24427 | Spider:3 | Noticed Arachne
 24439 | Spider:3 | Slimified Arachne
 24439 | Spider:3 | Noticed Arachne
 24439 | Spider:3 | Arachne changed into Arachne the acid blob
 24541 | Spider:3 | Reached XP level 16. HP: 192/206 MP: 15/15
 24633 | Spider:3 | Noticed Donald
 24654 | Spider:3 | Killed Donald
 25041 | Spider:4 | Entered Level 4 of the Spider Nest
 25041 | Spider:4 | Noticed Nikola
 25057 | Spider:4 | Killed Nikola
 25399 | Spider:4 | Lost mutation: You have an unnaturally thin skeletal
                  | structure. (Dex +6, Stealth+++) [Jiyva's grace]
 25399 | Spider:4 | Lost mutation: You are extremely robust. (+30% HP) [Jiyva's
                  | grace]
 25399 | Spider:4 | Gained mutation: Your flesh is cold resistant. (rC+)
                  | [Jiyva's grace]
 25399 | Spider:4 | Gained mutation: Your flesh is very cold resistant. (rC++)
                  | [Jiyva's grace]
 25399 | Spider:4 | Gained mutation: Your flesh is almost immune to the effects
                  | of cold. (rC+++) [Jiyva's grace]
 25399 | Spider:4 | Gained mutation: Your spells are a little harder to cast,
                  | but a little more powerful. [Jiyva's grace]
 25933 | Spider:4 | Got a gossamer rune of Zot
 26136 | Shoals:1 | Entered Level 1 of the Shoals
 26136 | Shoals:1 | Found Ycraufeo's Firing Range.
 26141 | Shoals:1 | Bought 4 silver javelins for 115 gold pieces
 26655 | Shoals:1 | Reached skill level 16 in Unarmed Combat
 26878 | Shoals:1 | Reached XP level 17. HP: 204/204 MP: 16/16
 27392 | Shoals:2 | Reached skill level 10 in Evocations
 27411 | Shoals:2 | Reached skill level 10 in Armour
 27412 | Shoals:2 | Lost mutation: You have a moderately thin skeletal
                  | structure. (Dex +4, Stealth++) [Jiyva's grace]
 27412 | Shoals:2 | Lost mutation: Your flesh is almost immune to the effects
                  | of cold. (rC+++) [Jiyva's grace]
 27412 | Shoals:2 | Lost mutation: You are very robust. (+20% HP) [Jiyva's
                  | grace]
 27412 | Shoals:2 | Lost mutation: Your transparent skin significantly reduces
                  | your foes' accuracy. (Stealth+) [Jiyva's grace]
 27412 | Shoals:2 | Lost mutation: Your translucent skin reduces your foes'
                  | accuracy. (Stealth+) [Jiyva's grace]
 27412 | Shoals:2 | Gained mutation: You have a small jelly attached to you
                  | that senses nearby items. [Jiyva's grace]
 27412 | Shoals:2 | Gained mutation: You have a pair of small horns on your
                  | head. [Jiyva's grace]
 27412 | Shoals:2 | Gained mutation: You have a pair of horns on your head.
                  | [Jiyva's grace]
 27412 | Shoals:2 | Gained mutation: You have a pair of large horns on your
                  | head. [Jiyva's grace]
 27628 | Shoals:2 | Noticed a kraken
 27654 | Shoals:2 | Killed a kraken
 28405 | Shoals:4 | Entered Level 4 of the Shoals
 28819 | Shoals:4 | Got a barnacled rune of Zot
 28854 | Shoals:4 | Identified the +6 falchion of Arrival {pain, Fly rN+ Will+
                  | Int+3}
 28919 | Shoals:4 | Identified the amulet of Vucoitt {Regen+ Str+5}
 29125 | Shoals:4 | Lost mutation: You are robust. (+10% HP) [Jiyva's grace]
 29125 | Shoals:4 | Gained mutation: Your mind is acute. (Int +2) [Jiyva's
                  | grace]
 29125 | Shoals:4 | Gained mutation: Your mind is very acute. (Int +4) [Jiyva's
                  | grace]
 29125 | Shoals:4 | Gained mutation: You have a small jelly attached to you
                  | that may absorb projectiles. [Jiyva's grace]
 29125 | Shoals:4 | Gained mutation: You have hidden genetic potential.
                  | [Jiyva's grace]
 29579 | Depths:1 | Entered Level 1 of the Depths
 29580 | Depths:1 | Upgraded the game from 0.29-a0-43-g62a80824bf to
                  | 0.29-a0-72-g1732ff48e7
 29967 | Depths:1 | Found the dreamshard necklace {*Dream Drain}
 29997 | Depths:1 | Identified the amulet "Onykef" {Will+ Regen+}
 30303 | Depths:1 | Reached skill level 17 in Unarmed Combat
 30308 | Depths:1 | Reached XP level 18. HP: 180/183 MP: 17/17
 30352 | Depths:1 | Found Gaytto Ahul's Weapon Shop.
 30354 | Depths:1 | Found Iduy's Distillery.
 30356 | Depths:1 | Found Fohiy's Antique Weapon Shop.
 30735 | Depths:1 | Found a gateway to Hell.
 30978 | Depths:2 | Noticed a golden dragon
 30994 | Depths:2 | Killed a golden dragon
 31104 | Depths:2 | Found a hide-covered altar of Uskayaw.
 31261 | Depths:2 | Noticed a golden dragon
 31268 | Depths:2 | Killed a golden dragon
 31421 | Depths:1 | Identified the ring "Rovizyed" {rPois Will+ Dex+7 Stlth-}
 31634 | Vaults:1 | Entered Level 1 of the Vaults
 31666 | Vaults:1 | Gained mutation: You are partially covered in iridescent
                  | scales. (AC +2) [hidden potential]
 31928 | Vaults:1 | Lost mutation: You are partially covered in iridescent
                  | scales. (AC +2) [Jiyva's grace]
 31928 | Vaults:1 | Lost mutation: You have a somewhat thin skeletal structure.
                  | (Dex +2, Stealth+) [Jiyva's grace]
 31928 | Vaults:1 | Lost mutation: You possess an exceptional clarity of mind.
                  | [Jiyva's grace]
 31928 | Vaults:1 | Lost mutation: Your mind is very acute. (Int +4) [Jiyva's
                  | grace]
 31928 | Vaults:1 | Lost mutation: Your mind is acute. (Int +2) [Jiyva's grace]
 31928 | Vaults:1 | Lost mutation: Your flesh is very cold resistant. (rC++)
                  | [Jiyva's grace]
 31928 | Vaults:1 | Lost mutation: Your rubbery body absorbs attacks. (AC +1,
                  | EV +1) [Jiyva's grace]
 31928 | Vaults:1 | Lost mutation: Your translucent skin slightly reduces your
                  | foes' accuracy. (Stealth+) [Jiyva's grace]
 31928 | Vaults:1 | Lost mutation: You have a small jelly attached to you that
                  | may absorb projectiles. [Jiyva's grace]
 31928 | Vaults:1 | Gained mutation: You passively dampen the noise of your
                  | surroundings. [Jiyva's grace]
 31928 | Vaults:1 | Gained mutation: Your translucent skin slightly reduces
                  | your foes' accuracy. (Stealth+) [Jiyva's grace]
 31928 | Vaults:1 | Gained mutation: Your translucent skin reduces your foes'
                  | accuracy. (Stealth+) [Jiyva's grace]
 31928 | Vaults:1 | Gained mutation: Your transparent skin significantly
                  | reduces your foes' accuracy. (Stealth+) [Jiyva's grace]
 32270 | Vaults:1 | Found a transporter.
 32323 | Vaults:1 | Found a transporter.
 32422 | Vaults:1 | Reached XP level 19. HP: 193/193 MP: 18/18
 32436 | Vaults:1 | Reached skill level 18 in Unarmed Combat
 33692 | Vaults:2 | HP: 3/196 [ironbound frostheart[a vault warden] (28)]
 33698 | Vaults:2 | Gained mutation: You have sharp toenails. [hidden
                  | potential]
 33698 | Vaults:2 | Lost mutation: You have hidden genetic potential. [hidden
                  | potential expressed]
 34177 | Vaults:2 | Lost mutation: Your flesh is cold resistant. (rC+) [Jiyva's
                  | grace]
 34177 | Vaults:2 | Lost mutation: You have acidic saliva. [Jiyva's grace]
 34177 | Vaults:2 | Lost mutation: Your transparent skin significantly reduces
                  | your foes' accuracy. (Stealth+) [Jiyva's grace]
 34177 | Vaults:2 | Gained mutation: Your muscles are strong. (Str +2) [Jiyva's
                  | grace]
 34177 | Vaults:2 | Gained mutation: Your muscles are very strong. (Str +4)
                  | [Jiyva's grace]
 34177 | Vaults:2 | Gained mutation: Armour fits poorly on your pseudopods.
                  | [Jiyva's grace]
 34177 | Vaults:2 | Gained mutation: Armour fits poorly on your large
                  | pseudopods. [Jiyva's grace]
 35145 | Vaults:3 | Reached XP level 20. HP: 206/206 MP: 19/19
 35176 | Vaults:3 | Reached skill level 15 in Throwing
 35196 | Vaults:3 | Found a staircase to the Crypt.
 35391 | Vaults:3 | Reached skill level 19 in Unarmed Combat
 35981 | Vaults:4 | Noticed Bai Suzhen
 35981 | Vaults:4 | Noticed Sojobo
 35993 | Vaults:4 | Slimified Sojobo
 35993 | Vaults:4 | Noticed Sojobo
 35993 | Vaults:4 | Sojobo changed into Sojobo the acid blob
 36244 | Vaults:4 | HP: 10/209 [peacekeeper (28)]
 36244 | Vaults:4 | HP: 2/209 [vault warden (8)]
 36244 | Vaults:4 | Slain by a vault warden

Illustrated notes

Levels and vault maps discovered:
D:1:      lemuel_arrival_lava_pool, layout_basic,
          hellmonk_ecumenical_altar_crossroads
D:2:      layout_basic, minmay_misc_feat_plants, uniq_sigmund, uniq_jessica
D:3:      layout_rooms, minivault_11, chequers_avenue,
          kennysheep_generic_room_16
D:4:      layout_gridville, portal_sewer_entry_b, nicolae_ossuary_entry_giza
D:5:      layout_rooms, uniq_menkaure, uniq_edmund
D:6:      layout_basic, mainiacjoe_overflow_concentric_impassable,
          minmay_temple_entry_arrows
D:7:      layout_loops_corners, uniq_duvessa
D:8:      layout_gridville, special_room [special_room_orc]
D:9:      layout_loops_ring, uniq_grum, uniq_pikel
D:10:     layout_rooms, trog_wizard, lair_entry_dummy, david_orc_4
D:11:     layout_roguey
D:12:     layout_long_grid, zin_purify, uniq_urug, uniq_sonja
D:13:     layout_cave_pools, lightli_vaults_fourway_checkpoint
D:14:     layout_cave_pods, minivault_4, lemuel_flamethrower_3, uniq_agnes
D:15:     hangedman_depths_entry_civil_slaughter, layout_cave_pools,
          minmay_misc_feat_rugged, portal_ice_cave_entry_ice_statue_two
Temple:   mainiacjoe_temple_cubbyholes
Lair:1:   layout_concentric_octagons, nzn_masters_of_martial_movement
Lair:2:   layout_cave_pods, uniq_maggie
Lair:3:   layout_cave_pods, shoals_dummy_entry, hibernation_bobbens
Lair:4:   layout_regular_city, nicolae_spider_entry_orb_guardian,
          infiniplex_staircase_pool, uniq_nergalle
Lair:5:   layout_regular_city, dpeg_slime_entry_enclosed_altar, minivault_27,
          nicolae_quartered_pool_impasse, st_stairs_11,
          chequers_serial_rivers_micro_d
Lair:6:   minmay_lair_end_frog_pond, layout_cave_pods, enter_volcano_3,
          serial_bayou_pond_c
Shoals:1: layout_shoals, nicolae_shop_firing_range
Shoals:2: layout_shoals, nicolae_shoals_undead_eyrie
Shoals:3: layout_shoals, nicolae_shoals_hunting_party
Shoals:4: shoals_end_grunt_garden, layout_shoals,
          nicolae_shoals_nautilus_by_nature
Spider:1: layout_spider_delve, hangedman_spider_tarantella_strand
Spider:2: nicolae_spider_hall_of_the_moth_king, uniq_louise
Spider:3: layout_spider_delve, hellmonk_deceptive_appearances, uniq_donald,
          uniq_arachne
Spider:4: grunt_spider_rune_parallel, uniq_nikola
Slime:1:  layout_caves
Slime:2:  layout_caves
Slime:3:  cheibrodos_slime_lost_civilization_10, layout_caves,
          cheibrodos_slime_lost_civilization_7
Slime:4:  layout_caves, basic_altar
Slime:5
Orc:1:    layout_caves, nicolae_orc_rockfall, uniq_erica
Orc:2:    grunt_orc_community_town_hall, layout_caves,
          grunt_orc_community_big_house_1, grunt_orc_community_big_house_2,
          grunt_orc_community_house_1, grunt_orc_community_house_1,
          grunt_orc_community_house_1, grunt_orc_community_house_3,
          grunt_orc_community_house_2
Vaults:1: v_rooms_1, v_misc_8, ontoclasm_vaults_pinch, gammafunk_the_bubble
          [the_bubble_gammafunk_grid], ontoclasm_vaults_chip,
          nicolae_vaults_back_hallway, hangedman_vaults_stitches,
          nicolae_vaults_network_star, nicolae_vaults_big_ls,
          ontoclasm_vaults_eye, ontoclasm_vaults_shuriken, vaults_room_pools,
          layout_vaults_maze
Vaults:2: ontoclasm_vaults_fault, hangedman_vaults_locks,
          hangedman_vaults_pinch, v_pattern_1, v_misc_2,
          nicolae_vaults_c_with_doors, nicolae_vaults_circle_grid_a,
          vaults_standard_mumra_x, layout_vaults_chaotic_city
Vaults:3: nicolae_vaults_meeting, minmay_crypt_entry_simple_statues,
          ontoclasm_vaults_decontamination, v_misc_14,
          vaults_standard_mumra_lines, v_misc_2, v_pattern_2,
          nicolae_vaults_little_squares_1, vaults_room_corners,
          layout_vaults_omnigrid
Vaults:4: grunt_vaults_twisty, nicolae_vaults_asterisk, v_misc_14, v_misc_3,
          nicolae_vaults_hallways_thing, v_misc_25, v_misc_24,
          vaults_mumra_minichess_inversion, dpeg_vaults_monster_box,
          hangedman_vaults_variations, vaults_room_fours, vaults_dpeg_ring,
          layout_vaults_omnicross, uniq_bai_suzhen, uniq_saint_roka, uniq_sojobo
Depths:1: lemuel_flame_loot_2, layout_gridville, grunt_decor_junction,
          pf_hell_entry_tar_spiral, grunt_decor_resistance, horrible_house_mu,
          minmay_shop_star
Depths:2: minmay_the_grid_square_5x5_5x5 [minmay_the_grid_square_5x5_n_small,
          minmay_the_grid_square_5x5_mess, minmay_the_grid_square_5x5_shrine1,
          minmay_the_grid_square_5x5_inner_z,
          minmay_the_grid_square_5x5_dogpile,
          minmay_the_grid_square_5x5_inner_i,
          minmay_the_grid_square_5x5_prize_rear_guard,
          minmay_the_grid_square_5x5_bracketed,
          minmay_the_grid_square_5x5_prize_pseudospiral,
          minmay_the_grid_square_5x5_two_small,
          minmay_the_grid_square_5x5_almost_minimal,
          minmay_the_grid_square_5x5_minibox,
          minmay_the_grid_square_5x5_prize_waves,
          minmay_the_grid_square_5x5_corner, minmay_the_grid_square_5x5_empty,
          minmay_the_grid_square_5x5_two_walls_b,
          minmay_the_grid_square_5x5_prize_itemx,
          minmay_the_grid_square_5x5_three,
          minmay_the_grid_square_5x5_prize_gold,
          minmay_the_grid_square_5x5_bridge, minmay_the_grid_square_5x5_n,
          minmay_the_grid_square_5x5_doubleslash,
          minmay_the_grid_square_5x5_tetrominoes,
          minmay_the_grid_square_5x5_two_walls_a,
          minmay_the_grid_square_5x5_tie], layout_gridlike, enter_ziggurat_d,
          hell_entry, nicolae_uskayaw_dance_hall, rand_demon_pan_entry_5,
          due_unseen_surprise, infiniplex_staircase_pool_2

Skill      XL: |  1  2  3  4  5  6  7  8  9 10 11 12 13 14 15 16 17 18 19 20 |
---------------+-------------------------------------------------------------+-----
Fighting       | 3 4 5 6 7 8 9 10 11 12 13 14 | 14.9
Dodging        | 3 4 5 6 7 8 9 10 | 10.0
Shields        | 1 2 3 4 5 6 7 8 9 |  9.0
Unarmed Combat | 4 5 6 7 8 10 11 13 14 15 16 17 18 19 | 19.5
Throwing       | 1 3 4 5 6 7 8 9 10 11 12 13 14 15 | 15.0
Evocations     | 1 2 3 4 5 6 7 8 9 10 | 10.0
Armour         | 2 3 4 6 7 8 9 11 12 13 | 13.8
Stealth        | |  1.0

Action                   |  1- 3 |  4- 6 |  7- 9 | 10-12 | 13-15 | 16-18 | 19-21 || total
-------------------------+-------+-------+-------+-------+-------+-------+-------++-------
Melee: Unarmed           |    75 |   130 |   449 |   761 |  1590 |  1580 |   674 ||  5259
       Scimitar          |       |       |       |     1 |     3 |       |       ||     4
       Bite              |       |       |       |       |   151 |   267 |    57 ||   475
       Staff             |       |       |       |       |     2 |       |       ||     2
       Headbutt          |       |       |       |       |       |   267 |   220 ||   487
       Kick              |       |       |       |       |       |       |   168 ||   168
       Pseudopods        |       |       |       |       |       |       |   108 ||   108
Throw: Boomerang         |       |       |     8 |    24 |    35 |    73 |       ||   140
       Javelin           |       |       |       |       |     5 |     6 |       ||    11
       Large rock        |       |       |       |       |    10 |     8 |       ||    18
Invok: Oozemancy         |       |       |       |       |     5 |     4 |     2 ||    11
       Slimify           |       |       |       |       |     3 |       |     2 ||     5
 Abil: Evoke the Staff o |       |       |       |       |     9 |    23 |     4 ||    36
Evoke: Wand              |       |       |       |     7 |     5 |       |     3 ||    15
       Phantom mirror    |       |       |       |       |       |       |     1 ||     1
  Use: Scroll            |       |     5 |    14 |    11 |     8 |     3 |     4 ||    45
       Potion            |       |       |     1 |     1 |     1 |     2 |     4 ||     9
 Stab: Sleeping          |     3 |     3 |     2 |       |     9 |     4 |       ||    21
       Petrifying        |       |       |       |       |     1 |       |       ||     1
       Distracted        |       |       |       |       |     1 |     3 |       ||     4
Armor: Robe              |    41 |    27 |   133 |     3 |     2 |       |       ||   206
       Acid dragon scale |       |       |       |   168 |   118 |       |       ||   286
       Fire dragon scale |       |       |       |       |   411 |   746 |   263 ||  1420
Dodge: Dodged            |    26 |    65 |   166 |   284 |  1171 |  1286 |   474 ||  3472
Block: Kite shield       |    26 |    60 |   200 |   381 |  1036 |  1144 |   515 ||  3362

Table legend: (Time is in decaauts)
 A = Elapsed time spent in this place.
 B = Non-inter-level travel time spent in this place.
 C = Inter-level travel time spent in this place.
 D = Time resting spent in this place.
 E = Time spent auto-exploring this place.
 F = Levels seen in this place.
 G = Mean time per level.
                   A        B        C        D        E       F      G
               +--------+--------+--------+--------+--------+-----+--------+
         Total |  35988 |  33170 |   2818 |   2227 |  20025 |  47 |  765.7 |
       Dungeon |  12540 |  11563 |    977 |    582 |   8074 |  15 |  836.0 |
        Temple |    356 |    304 |     52 |      0 |    302 |   1 |  356.0 |
          Lair |   5668 |   4832 |    836 |    413 |   3165 |   6 |  944.7 |
        Shoals |   3501 |   3189 |    312 |    205 |   1650 |   4 |  875.2 |
   Spider Nest |   4085 |   3876 |    209 |    412 |   2073 |   4 | 1021.2 |
    Slime Pits |    577 |    379 |    198 |      0 |    246 |   5 |  115.4 |
  Orcish Mines |   1390 |   1306 |     84 |      4 |    706 |   2 |  695.0 |
        Vaults |   4401 |   4362 |     39 |    422 |   2398 |   4 | 1100.2 |
        Depths |   1733 |   1625 |    108 |     23 |    793 |   2 |  866.5 |
         Abyss |    554 |    554 |      0 |     43 |    131 |   1 |  554.0 |
         Sewer |    436 |    436 |      0 |    107 |    119 |   1 |  436.0 |
       Ossuary |    203 |    203 |      0 |      0 |     90 |   1 |  203.0 |
       Volcano |    538 |    538 |      0 |     15 |    275 |   1 |  538.0 |
               +--------+--------+--------+--------+--------+-----+--------+

Top non-repeatable levels by time:
Vaults:3: 1482 daAuts
Vaults:1: 1348 daAuts
Vaults:2: 1328 daAuts
  Lair:2: 1320 daAuts
Depths:1: 1231 daAuts
    D:10: 1227 daAuts
Spider:2: 1212 daAuts
  Lair:4: 1206 daAuts
Spider:1: 1090 daAuts
     D:1: 1058 daAuts
  Lair:3: 1041 daAuts
Shoals:2: 1017 daAuts
  Lair:1: 1008 daAuts
Shoals:4: 990 daAuts
     D:4: 988 daAuts
